 Dungeon Crawl Stone Soup version 0.24-a0-275-g6f7e2cb (webtiles) character file.

Game seed: 6363565991573004437

48 erloom the Magician (level 3, -7/28 HPs)
             Began as a Draconian Transmuter on Apr 27, 2019.
             Mangled by Natasha (10 damage)
             ... on level 2 of the Dungeon.
             The game lasted 00:03:16 (1008 turns).

erloom the Magician (Draconian Transmuter)          Turns: 1008, Time: 00:03:17

Health: -7/28      AC:  5    Str: 12    XL:     3   Next: 50%
Magic:  6/7        EV: 12    Int: 14    God:
Gold:   6          SH:  0    Dex: 11    Spells: 7/8 levels left

rFire    + . .     SeeInvis +     - Unarmed
rCold    . . .     Gourm    .   (no shield)
rNeg     . . .     Faith    .   (armour unavailable)
rPois    .         Spirit   .   (helmet restricted)
rElec    .         Reflect  .   (no cloak)
rCorr    .         Harm     .   (no gloves)
MR       .....                  (no boots)
Stlth    +.........             (no amulet)
HPRegen  0.09/turn              b - ring of protection from fire
MPRegen  0.10/turn              j - ring of see invisible

@: very slightly contaminated, slowed, invisible, very slow
A: unfitting armour, cold-blooded, AC +5
a: no special abilities


You were on level 2 of the Dungeon.
You were not hungry.

You visited 1 branch of the dungeon, and saw 2 of its levels.

You collected 6 gold pieces.

Inventory:

Hand Weapons
 f - a +1 hunting sling
Missiles
 a - 12 arrows
 l - 48 stones (quivered)
Jewellery
 b - a ring of protection from fire (left hand)
 j - a ring of see invisible (right hand)
Scrolls
 e - a scroll of immolation {unknown}
 h - a scroll of remove curse {unknown}
Potions
 d - a potion of curing {unknown}
 k - a potion of might
Comestibles
 c - 3 rations
 g - a chunk of flesh


   Skills:
 - Level 1.1 Fighting
 - Level 1.7 Dodging
 - Level 3.0 Unarmed Combat
 + Level 3.2 Spellcasting
 + Level 2.8 Transmutations


You had 7 spell levels left.
You knew the following spells:

 Your Spells              Type           Power        Failure   Level  Hunger
a - Beastly Appendage     Tmut           ##....       7%          1    #......

Your spell library contained the following spells:

 Spells                   Type           Power        Failure   Level  Hunger
 Sticks to Snakes         Tmut           ##......     10%         2    ##.....
 Spider Form              Tmut/Pois      #.........   34%         3    ###....
 Ice Form                 Ice/Tmut       #.......     75%         4    #####..
 Blade Hands              Tmut           ##........   88%         5    ######.


Dungeon Overview and Level Annotations

Branches:
Dungeon (2/15)

Altars:

Annotations:
D:2 Natasha


Innate Abilities, Weirdness & Mutations

Your plain brown scales are hard. (AC +5)
You cannot fit into any form of body armour.
You are cold-blooded and may be slowed by cold attacks.


Message History

Unknown command.
Unknown command.
Memorise Sticks to Snakes, consuming 2 spell levels and leaving 5?
Natasha casts a spell.
You start memorising the spell.
You continue memorising.
Natasha claws you.
Your memorisation is interrupted.
You fade into invisibility!
Natasha mumbles some strange words.
Natasha closely misses you.
You are very lightly contaminated with residual magic.
You barely miss Natasha. Natasha claws you but does no damage.
You barely miss Natasha. Natasha misses you.
You hit Natasha but do no damage. Natasha claws you!
* * * LOW HITPOINT WARNING * * *
The giant cockroach waves its antennae.
Natasha barely misses you.
Casting: Beastly Appendage (safe; 7% risk of failure)
Confirm with . or Enter, or press ? or * to list all spells.
You miscast Beastly Appendage.
Nothing appears to happen.
Natasha claws you!
You die...

#########
#.....).#
#.#####5##########
#.##...5sh@).....#
#.##.#..g######..#
#.##....##
##...########
#.###.#.#
#............
#.###.#.#
##...########
#.......# ##.##
#####.### #.# #s#
#.# #.# ##'##


You could see Natasha, a crimson imp, a shadow imp, a giant cockroach and a
goblin.

Vanquished Creatures
  An ooze (D:1)
  3 dart slugs (D:1)
  2 leopard geckos (D:1)
  2 giant cockroaches (D:1)
  7 goblins
  3 hobgoblins (D:1)
  5 bats (D:1)
  5 kobolds (D:1)
  5 rats (D:1)
33 creatures vanquished.

Notes
Turn   | Place    | Note
-------+----------+-------------------------------------------
     0 | D:1      | erloom the Draconian Transmuter began the quest for the
                  | Orb.
     0 | D:1      | Reached XP level 1. HP: 16/16 MP: 3/3
    70 | D:1      | Reached XP level 2. HP: 19/23 MP: 5/5
   398 | D:1      | Reached XP level 3. HP: 28/28 MP: 5/7
   982 | D:2      | Noticed Natasha
  1008 | D:2      | Mangled by Natasha

Levels and vault maps discovered:
D:1:      lemuel_arrival_behind_the_door_large, layout_loops_cross
D:2:      layout_loops_corners, chequers_ecumenical_altar_grove, serial_forest,
          infiniplex_forest_lined_2, infiniplex_forest_zigzag_1,
          infiniplex_forest_end_1, infiniplex_forest_end_3,
          infiniplex_forest_clump_double, infiniplex_forest_pool, st_stairs_11,
          uniq_natasha

Skill      XL: |  1  2 |
---------------+-------+-----
Spellcasting   | 3 |  3.2
Fighting       | |  1.1
Dodging        | |  1.7
Unarmed Combat | |  3.0
Transmutations | |  2.8

Action                   || total
-------------------------++-------
Melee: Unarmed           ||   104
       Tailslap          ||    13
       Punch             ||     1
       Kick              ||     2
       Headbutt          ||     1
 Cast: Beastly Appendage ||     2
  Use: Scroll            ||     5
       Potion            ||     1
 Stab: Sleeping          ||     1
Armor: Skin              ||    35
Dodge: Dodged            ||    86

Table legend:
 A = Non-vault XP
 B = Vault XP
 C = Vault XP percentage of total XP
 D = Non-vault monster count
 E = Vault monster count
 F = Vault count percentage of total count
                 A         B        C        D         E       F
            +---------+---------+-------+---------+---------+-------
      Total |      67 |       2 |   2.9 |      32 |       1 |   3.0
            +---------+---------+-------+---------+---------+-------
        D:1 |      61 |       0 |   0.0 |      29 |       0 |   0.0
        D:2 |       6 |       2 |  25.0 |       3 |       1 |  25.0
            +---------+---------+-------+---------+---------+-------
